 Dungeon Crawl Stone Soup version 0.31.0-11-ge490571c62 (webtiles) character file.

Game seed: 9868345710308167186

83 dialectric the Trooper (level 4, -1/43 HPs)
             Began as a Gargoyle Fighter on Jan 31, 2024.
             Slain by a cerulean imp
             ... wielding a +1 spear
             ... summoned by Natasha
              (2 damage)
             ... on level 2 of the Dungeon.
             The game lasted 00:01:25 (1328 turns).

dialectric the Trooper (Gargoyle Fighter)           Turns: 1328, Time: 00:01:26

Health: -1/43      AC: 22    Str: 21    XL:     4   Next: 44%
Magic:  4/4        EV: -1    Int:  9    God:
Gold:   78         SH:  0    Dex:  9    Spells: 3/3 levels left

rFire   . . .        a - +0 flail
rCold   . . .        (no shield)
rNeg    + . .        b - melded +0 scale mail
rPois   ∞            (helmet currently unavailable)
rElec   .            (cloak currently unavailable)
rCorr   .            (gloves currently unavailable)
SInv    .            (boots currently unavailable)
Will    .....        (no amulet)
Stlth   +            (no ring)
HPRegen 0.27/turn    (no ring)
MPRegen 0.09/turn

%: no passive effects
@: tree-form, slowed, constricted, very slow
A: stationary, stasis, torment immunity, boosted hp, sickness immunity, AC +3,
negative energy resistance 1, (electricity resistance), torment resistance 1,
petrification resistance
a: no special abilities


You were on level 2 of the Dungeon.
You were a tree.
You visited 1 branch of the dungeon, and saw 2 of its levels.

You collected 78 gold pieces.

Inventory:

Hand Weapons
 a - a +0 flail (weapon)
Missiles
 e - 6 poisoned darts (quivered)
Armour
 b - a +0 scale mail (melded)
 c - a +0 buckler
Jewellery
 k - a ring of positive energy
Scrolls
 f - 2 scrolls of identify {unknown}
 g - a scroll of fog {unknown}
 h - a scroll of fear {unknown}
 i - a scroll of enchant weapon {unknown}
 j - 2 scrolls of revelation {unknown}
 l - 2 scrolls of teleportation {unknown}
 n - a scroll of blinking {unknown}
Potions
 d - a potion of might


   Skills:
 * Level 3.8 Fighting
 + Level 3.0 Maces & Flails
 + Level 3.8 Armour
 * Level 1.3 Dodging
 + Level 3.5 Shields


You had 3 spell levels left.
You didn't know any spells.
Your spell library was empty.

Dungeon Overview and Level Annotations

Branches:
Dungeon (2/15)

Altars:

Annotations:
D:2 Natasha


Innate Abilities, Weirdness & Mutations

You are a tree.
Your roots penetrate the ground, keeping you stationary.
You cannot be teleported.
You are immune to unholy pain and torment.
Your maximum health is greatly increased.
Your equipment is partially melded.
You are immune to sickness and miasma.
((Your stone body is resilient. (AC +3)))
You are immune to poison.
You resist negative energy. (rN+)
((You are resistant to electric shocks. (rElec)))
You are resistant to unholy torment.
You are immune to petrification.


Message History

The ball python closely misses you. The ball python grabs you.
The ball python constricts you.
You escape the ball python's grasp.
The ball python closely misses you. The ball python grabs you.
The ball python constricts you.
You escape the ball python's grasp.
Natasha zaps a wand.
The puff of flame misses you.
The cerulean imp attacks as it pursues you!
The cerulean imp hits you from afar with a +1 spear.
The ball python bites you but does no damage.
The ball python grabs you. The ball python constricts you.
The cerulean imp hits you but does no damage.
The ball python's grasp on you weakens, but your attempt to escape fails.
The ball python bites you but does no damage.
The ball python constricts you. Natasha claws you.
The cerulean imp hits you from afar with a +1 spear.
The ball python completely misses you. The ball python constricts you.
You escape the ball python's grasp.
The ball python attacks as it pursues you!
The ball python barely misses you. The ball python completely misses you.
Natasha claws you. The cerulean imp completely misses you.
The ball python bites you but does no damage.
The ball python closely misses you.
The cerulean imp attacks as it pursues you!
The cerulean imp hits you from afar with a +1 spear.
Natasha zaps a wand.
The puff of flame hits you.
* * * LOW HITPOINT WARNING * * *
The ball python bites you but does no damage.
The ball python grabs you. The ball python constricts you.
The cerulean imp hits you from afar with a +1 spear.
* * * LOW HITPOINT WARNING * * *
It was a potion of lignification.
You turn into a tree.
Your +0 scale mail melds into your body.
Your roots penetrate the ground.
Natasha claws you.
* * * LOW HITPOINT WARNING * * *
The ball python bites you but does no damage.
The ball python constricts you.
The cerulean imp hits you from afar with a +1 spear.
You die...

.....#######...........#
....## #...........# ....#
#.#.........# ....#
#.#.......... ....#
######.##.##.###.# ....#
#....#..>.##.## .#
....###....#...##...##.#
#......................#
#...............♣.....#
#.............wSh.....#
................5.....#
#....................##
....###.............## ###
#...###.......####..#.....
..####.......####.........
....†.............#.......
...#####†........##.......


You could see Natasha, a cerulean imp (summoned), a dart slug and a ball python.

Vanquished Creatures
  Jessica (D:1)
  An adder (D:2)
  2 dart slugs (D:1)
  8 ball pythons (D:1)
  4 endoplasms
  A goblin (D:1)
  5 hobgoblins
  3 jackals (D:2)
  3 quokkas (D:1)
  2 bats (D:1)
  3 frilled lizards
  3 kobolds
  6 rats
42 creatures vanquished.

Notes
Turn   | Place    | Note
-------+----------+-------------------------------------------
     0 | D:1      | dialectric the Gargoyle Fighter began the quest for the
                  | Orb.
     0 | D:1      | Reached XP level 1. HP: 14/14 MP: 1/1
   127 | D:1      | Reached XP level 2. HP: 15/19 MP: 2/2
   355 | D:1      | Reached XP level 3. HP: 21/23 MP: 3/3
  1016 | D:2      | Noticed Jessica
  1037 | D:1      | Killed Jessica
  1038 | D:1      | Reached skill level 1 in Dodging
  1038 | D:1      | Reached XP level 4. HP: 16/29 MP: 4/4
  1311 | D:2      | Noticed Natasha
  1328 | D:2      | HP: 1/43 [Natasha (2)]
  1328 | D:2      | Slain by a cerulean imp

Illustrated notes

Levels and vault maps discovered:
D:1:      eino_arrival_cavern_d, layout_loops_corners
D:2:      layout_rooms, uniq_jessica, uniq_natasha

Skill      XL: |  1  2  3  4 |
---------------+-------------+-----
Dodging        | 1 |  1.3
Maces & Flails | 3 |  3.0
Fighting       | |  3.8
Armour         | |  3.8
Shields        | |  3.5

Action                     |  1- 3 |  4- 6 || total
---------------------------+-------+-------++-------
  Melee: Flail             |    96 |    35 ||   131
         Punch             |     1 |       ||     1
    Use: Potion            |     1 |     1 ||     2
 Armour: Scale mail        |    88 |    42 ||   130
         Skin              |       |     3 ||     3
  Dodge: Dodged            |    70 |    31 ||   101
  Block: Buckler           |     1 |       ||     1
